[Event "Clash of Blames"]
[Site "stage.worldchess.com"]
[Date "2024.08.19"]
[Round "1"]
[White "Kramnik, Vladimir"]
[Black "Martinez Alcantara, Jose Eduardo"]
[Result "1-0"]
[Board "1"]
[TimeControl "180+2"]
[WhiteFideId "4101588"]
[BlackFideId "3805662"]
[WhiteTitle "GM"]
[BlackTitle "GM"]
[WhiteElo "2676"]
[BlackElo "2641"]
[WhiteTeam "RUS"]
[BlackTeam "MEX"]
[WhiteClock "0:00:55"]
[BlackClock "0:00:28"]
[Variant "Standard"]

1. e4 c5 2. Nf3 d6 3. d4 cxd4 4. Nxd4 Nf6 5. Nc3 a6 6. Be3 e6 7. g4 Nfd7 8. g5 b5 9. a3 Bb7 10. f4 Nc6 11. Rg1 Rc8 12. Rg3 Nxd4 13. Qxd4 e5 14. Qd2 exf4 15. Bxf4 Ne5 16. Bxe5 dxe5 17. Rd3 Qc7 18. O-O-O b4 19. Nd5 Bxd5 20. Rxd5 Be7 21. Kb1 O-O 22. Rd7 Qc5 23. axb4 Qxb4 24. Qxb4 Bxb4 25. Bxa6 Rc6 26. Bb7 Rb6 27. Bd5 Bc3 28. Bb3 Bd4 29. Rf1 h6 30. g6 Rxg6 31. Rdxf7 1-0